 Dungeon Crawl Stone Soup version 0.20.0-10-g0535bb4 (webtiles) character file.

25 Naow the Skirmisher (level 2, -6/24 HPs)
             Began as a Demonspawn Abyssal Knight on June 6, 2017.
             Was a Follower of Lugonu.
             Mangled by a gnoll
             ... wielding a +0 halberd
              (14 damage)
             ... on level 2 of the Dungeon.
             The game lasted 00:02:03 (1300 turns).

Naow the Skirmisher (Demonspawn Abyssal Knight)     Turns: 1300, Time: 00:02:03

Health: -6/24      AC:  3    Str: 12    XL:     2   Next: 82%
Magic:  3/3        EV: 11    Int: 13    God:    Lugonu [*.....]
Gold:   112        SH:  0    Dex: 14    Spells: 1/1 levels left

rFire    . . .     SeeInvis .   a - +1 mace
rCold    . . .     Gourm    .   (no shield)
rNeg     . . .     Faith    .   b - +0 leather armour
rPois    .         Spirit   .   (no helmet)
rElec    .         Reflect  .   (no cloak)
rCorr    .         Harm     .   (no gloves)
MR       .....                  (no boots)
Stlth    ++........             (no amulet)
Regen    0.1/turn               (no ring)
MPRegen  0.1/turn               (no ring)

@: no status effects
A: thin skeletal structure 1
a: Depart the Abyss, Renounce Religion


You were on level 2 of the Dungeon.
You worshipped Lugonu.
Lugonu was aware of your devotion.
You were not hungry.

You visited 1 branch of the dungeon, and saw 2 of its levels.
You visited the Abyss 1 time.

You collected 112 gold pieces.

Inventory:

Hand Weapons
 a - a +1 mace (weapon)
Armour
 b - a +0 leather armour (worn)
 j - a +0 buckler
Scrolls
 d - a scroll of identify {unknown}
 e - 2 scrolls of remove curse {unknown}
 h - a scroll of recharging {unknown}
Potions
 g - 2 potions of mutation {unknown}
Comestibles
 c - 4 bread rations
 f - a meat ration
 i - a chunk of flesh


   Skills:
 - Level 3.4 Fighting
 + Level 2.1 Maces & Flails
 - Level 2.1 Armour
 - Level 1.0 Dodging
 - Level 2.5 Invocations


You had one spell level left.
You didn't know any spells.

Dungeon Overview and Level Annotations

Branches:
Dungeon (2/15)

Altars:


Innate Abilities, Weirdness & Mutations

You have a somewhat thin skeletal structure. (Dex +2, Stealth)


Message History

A gnoll comes into view. It is wielding a halberd.
A gnoll is nearby!
A gnoll is nearby!
A gnoll comes into view. It is wielding a spear.
The gnoll shouts!
Found a glowing brown potion.
An adder comes into view.
The gnoll shouts!
The adder moves out of view.
A gnoll comes into view. It is wielding a flail.
The gnoll shouts!
The gnoll barely misses you. The gnoll hits you with a spear!
You closely miss the gnoll. The gnoll closely misses you.
You closely miss the gnoll. The gnoll hits you with a spear!
The gnoll closely misses you.
You are too injured to fight recklessly!
The gnoll barely misses you. x2
The gnoll hits you from afar with a halberd!
Ouch! That really hurt!
You die...

... ####### #....#
#.....#... ... .
###.##.##.#....# ..
#..............##...
###.#.#...#.#. .......
#...#.#...# .#.#...
#.###.###.#####.S.....
#...#.......@gg.#.#...
###.###.......g.......
#.#.# #............###
#.#.###...........!#
#<..........########
#......####.#
........# #.#
#.#.......# #.#
#...........


You could see 3 gnolls and an adder.

Vanquished Creatures
  A leopard gecko (D:1)
  2 giant cockroaches (D:1)
  4 hobgoblins (D:1)
  3 jackals (D:1)
  A kobold (D:1)
  2 bats (D:1)
  4 goblins (D:1)
  5 rats (D:1)
22 creatures vanquished.

Notes
Turn   | Place    | Note
-------+----------+-------------------------------------------
     0 | Abyss:1  | Naow the Demonspawn Abyssal Knight began the quest for the Orb.
     0 | Abyss:1  | Reached XP level 1. HP: 18/18 MP: 2/2
    33 | Abyss:1  | Noticed a chaos spawn
    34 | Abyss:1  | Noticed an iron imp
    51 | Abyss:1  | Noticed an apocalypse crab
    51 | D:1      | Escaped the Abyss
   383 | D:1      | Reached * piety under Lugonu
   444 | D:1      | Gained mutation: You have a somewhat thin skeletal structure. (Dex +2, Stealth) [demonic ancestry]
   444 | D:1      | Reached XP level 2. HP: 21/24 MP: 3/3
   446 | D:1      | Reached skill level 1 in Dodging
  1300 | D:2      | Mangled by a gnoll

Skill      XL: |  1  2 |
---------------+-------+-----
Armour         | 2 |  2.1
Dodging        | 1 |  1.0
Maces & Flails | 2 |  2.1
Fighting       | |  3.4
Invocations    | |  2.5

Action                   || total
-------------------------++-------
Melee: Mace              ||    60
Invok: Depart the Abyss  ||     1
  Eat: Chunk             ||     1
Armor: Leather armour    ||    22
Dodge: Dodged            ||    60
